 Dungeon Crawl Stone Soup version 0.29.1-1-gd02db6906a (webtiles) character file.

Game seed: 7323592941676104996

8 RogueRain17 the Caller (level 2, 19/19 HPs)
             Began as a Demonspawn Summoner on Sept 24, 2022.
             Got out of the dungeon alive.
             The game lasted 00:01:25 (265 turns).

RogueRain17 the Caller (Demonspawn Summoner)         Turns: 265, Time: 00:01:25

Health: 19/19      AC:  2    Str:  8    XL:     2   Next: 0%
Magic:  3/5        EV: 12    Int: 16    God:
Gold:   37         SH:  0    Dex: 13    Spells: 4/5 levels left

rFire   . . .      SeeInvis .   (no weapon)
rCold   . . .      Faith    .   (no shield)
rNeg    . . .      Spirit   .   a - +0 robe
rPois   .          Reflect  .   (helmet restricted)
rElec   .          Harm     .   (no cloak)
rCorr   .          Rampage  .   (no gloves)
Will    .....                   (no boots)
Stlth   ++........              (no amulet)
HPRegen 0.06/turn               (no ring)
MPRegen 0.09/turn               (no ring)

@: no status effects
A: horns 1
a: no special abilities


You escaped.
You visited 1 branch of the dungeon, and saw 1 of its levels.

You collected 37 gold pieces.

Inventory:

Armour
 a - a +0 robe (worn)
 c - a +0 pair of boots
Scrolls
 d - a scroll of enchant weapon {unknown}
Potions
 b - a potion of magic


   Skills:
 - Level 1.7 Dodging
 - Level 1.7 Stealth
 - Level 2.0 Spellcasting
 + Level 4.4 Summonings


You had 4 spell levels left.
You knew the following spells:

 Your Spells              Type           Power      Damage    Failure   Level
a - Summon Small Mammal   Summ           60%        N/A       3%          1

Your spell library contained the following spells:

 Spells                   Type           Power      Damage    Failure   Level
 Call Imp                 Summ           15%        N/A       4%          2
 Call Canine Familiar     Summ           15%        N/A       10%         3
 Summon Guardian Golem    Hex/Summ       8%         N/A       26%         3
 Summon Lightning Spire   Summ/Air       8%         N/A       63%         4


Dungeon Overview and Level Annotations

Branches:
Dungeon (1/15)

Altars:


Innate Abilities, Weirdness & Mutations

You have a pair of small horns on your head.


Message History

Your rat bites the kobold.
The kobold hits your rat with a +0 short sword.
Your rat dies!
Your rat's corpse disappears in a puff of smoke!
The kobold shouts!
Your quokka misses the kobold. The kobold barely misses you.
Your quokka misses the kobold. The kobold closely misses you.
Your quokka barely misses the kobold.
Your quokka completely misses the kobold.
The kobold hits you with a +0 short sword.
Your quokka bites the kobold.
The kobold dies!
Your quokka disappears in a puff of smoke!
You see here a +0 short sword.
d - a scroll labelled TIUHEG SIPPUOC A dart slug comes into view.
Your rat bites the dart slug.
The dart slug bites your rat.
Your rat bites the dart slug.
The dart slug bites your rat.
Your rat dies!
Your rat's corpse disappears in a puff of smoke!
Your rat bites the dart slug.
The dart slug launches a dart at your rat.
The slug dart hits your rat.
Your rat dies!
Your rat's corpse disappears in a puff of smoke!
A dart slug is nearby!
The dart slug launches a dart at you. The slug dart hits your bat.
Your bat hits the dart slug.
The dart slug dies!
You have reached level 2!
Your demonic ancestry asserts itself...
A pair of horns grows on your head!
You see here a +0 robe.
There is a staircase leading out of the dungeon here.
Are you sure you want to leave the Dungeon?
This will make you lose the game!
You have escaped!

....# ....# #.# .#.## ... .#.#
#.# .#.# #####.# ##.# #.. ..#
.).# #.###.# ##.# #.##..########
...###########.#@.........###.###
.#.........[.#.##b[####..........
.......#####....b.......#.###.##
######)# ###.###.######.###.### #
#.# #####................... #
#.# #.........#..........### #
#.# #.###.#####.####.##### # #.#
#.###.#####.# #.# #.#
#.#.........####.#


You could see a friendly bat (summoned).

Vanquished Creatures (collateral kills)
  A dart slug (D:1)
  A bat (D:1)
  2 goblins (D:1)
  A kobold (D:1)
  A rat (D:1)
6 creatures vanquished.

Notes
Turn   | Place    | Note
-------+----------+-------------------------------------------
     0 | D:1      | RogueRain17 the Demonspawn Summoner began the quest for the
                  | Orb.
     0 | D:1      | Reached XP level 1. HP: 13/13 MP: 3/3
   234 | D:1      | Gained mutation: You have a pair of small horns on your
                  | head. [demonic ancestry]
   234 | D:1      | Reached XP level 2. HP: 19/19 MP: 1/5
   265 | D:$      | Got out of the dungeon alive.

Illustrated notes

Levels and vault maps discovered:
D:1:      saegor_arrival_simple_a, layout_loops_ring, dk_noncrumbling_4,
          chequers_serial_rivers_micro_b, chequers_serial_rivers_room_b,
          minmay_tetromino_i2

Action                   || total
-------------------------++-------
 Cast: Summon Small Mamm ||    13
Armor: Robe              ||     1
Dodge: Dodged            ||     6
